 Dungeon Crawl Stone Soup version 0.28.0 (webtiles) character file.

Game seed: 18184687457019970851

2856 fragbeetle the Severer (level 9, -1/70 HPs)
             Began as a Hill Orc Fighter on Feb 8, 2022.
             Was a Believer of Uskayaw.
             Slain by an orc warrior (12 damage)
             ... in a bailey.
             The game lasted 00:14:03 (8958 turns).

fragbeetle the Severer (Hill Orc Fighter)           Turns: 8958, Time: 00:14:03

Health: -1/70      AC: 14    Str: 27    XL:     9   Next: 75%
Magic:  9/9        EV:  9    Int:  8    God:    Uskayaw [**....]
Gold:   116        SH:  6    Dex: 16    Spells: 8/8 levels left

rFire   . . .      SeeInvis .   a - +0 war axe
rCold   . . .      Faith    .   c - +0 buckler
rNeg    . . .      Spirit   .   b - +0 scale mail
rPois   .          Reflect  .   (no helmet)
rElec   .          Harm     .   (no cloak)
rCorr   .          Rampage  .   B - +4 pair of gloves of the Wilderness {Str+4 Stlth+}
Will    .....                   G - +1 pair of boots
Stlth   +.........              (no amulet)
HPRegen 0.21/turn               x - +6 ring of dexterity
MPRegen 0.11/turn               (no ring)

@: no status effects
A: no striking features
a: Renounce Religion, Stomp, Line Pass


You were in a bailey.
You worshipped Uskayaw.
Uskayaw was noncommittal.
You visited 2 branches of the dungeon, and saw 8 of its levels.
You also visited: Bailey.

You collected 434 gold pieces.
You spent 318 gold pieces at shops.

Inventory:

Hand Weapons
 a - a +0 war axe (weapon)
 k - a +0 hunting sling
 r - a +1 trident of venom
 H - a +3 spear
Missiles
 g - 22 poisoned darts (quivered)
 l - 19 sling bullets
 D - a throwing net
Armour
 b - a +0 scale mail (worn)
 c - a +0 buckler (worn)
 B - the +4 pair of gloves of the Wilderness (worn) {Str+4 Stlth+}
   (You bought it in a shop on level 5 of the Dungeon)

   Str:       It affects your strength (+4).
   Stlth:     It makes you more stealthy.
 F - a +0 kite shield
 G - a +1 pair of boots (worn)
Jewellery
 x - a +6 ring of dexterity (left hand)
 E - a +4 ring of protection
Scrolls
 f - 2 scrolls of enchant armour
 j - 3 scrolls of enchant weapon
 n - a scroll of magic mapping {unknown}
 p - 6 scrolls of teleportation {unknown}
 q - 2 scrolls of blinking {unknown}
 s - 2 scrolls of holy word {unknown}
 u - 2 scrolls of fear {unknown}
 v - 2 scrolls of brand weapon {unknown}
 w - a scroll of summoning {unknown}
 y - a scroll of noise {unknown}
 C - a scroll of amnesia {unknown}
Potions
 d - 5 potions of might
 e - a potion of haste
 h - a potion of degeneration {unknown}
 i - 4 potions of heal wounds
 m - 2 potions of magic
 o - 3 potions of curing
 t - a potion of mutation
 z - a potion of experience {unknown}
 A - a potion of attraction {unknown}
 I - 5 potions of invisibility {unknown}


   Skills:
 - Level 3.6 Fighting
 - Level 16.0 Axes
 - Level 3.2 Armour
 + Level 5.6 Shields


You had 8 spell levels left.
You didn't know any spells.
Your spell library contained the following spells:

 Spells                   Type           Power      Damage    Failure   Level
 Foxfire                  Conj/Fire      0%         2x1d4     77%         1
 Shock                    Conj/Air       0%         1d3       77%         1
 Slow                     Hex            0%         N/A       77%         1
 Confusing Touch          Hex            0%         N/A       98%         3
 Conjure Flame            Conj/Fire      0%         6-21      98%         3
 Inner Flame              Hex/Fire       0%         N/A       98%         3
 Swiftness                Air            0%         N/A       98%         3
 Vampiric Draining        Necr           0%         2d6       98%         3
 Airstrike                Air            0%         N/A       100%        4
 Flame Wave               Conj/Fire      0%         2d4       100%        4
 Alistair's Intoxication  Tmut/Pois      0%         N/A       100%        5
 Borgnjor's Vile Clutch   Necr/Erth      0%         N/A       100%        5
 Eringya's Noxious Bog    Tmut/Pois      0%         N/A       100%        6


Dungeon Overview and Level Annotations

Branches:
Dungeon (7/15)             Temple (1/1) D:5          Bailey (1/1)

Altars:
Ashenzari
Cheibriados
Dithmenos
Elyvilon
Fedhas
Gozag
Hepliaklqana
Kikubaaqudgha
Makhleb
Nemelex Xobeh
Okawaru
Qazlal
Ru
Sif Muna
Trog
Uskayaw
Vehumet
Wu Jian
Xom
Yredelemnul
Zin
The Shining One

Shops:
D:4 *   D:5 *   D:6 !(:

Annotations:
D:6 3 runed translucent doors, fragbeetle's ghost, novice DjFE


Message History

You barely miss the orc warrior. You hit the orc warrior.
The orc warrior is lightly wounded.
The orc warrior hits you but does no damage.
You barely miss the orc warrior.
The orc warrior is lightly wounded.
The orc warrior barely misses you.
You barely miss the orc warrior.
The orc warrior is lightly wounded.
The orc warrior hits you but does no damage.
You hit the orc warrior but do no damage.
The orc warrior is lightly wounded.
You miss the orc warrior.
The orc warrior is lightly wounded.
The orc warrior hits you with a +0 halberd!
* * * LOW HITPOINT WARNING * * *
You barely miss the orc warrior.
The orc warrior is lightly wounded.
The orc warrior hits you but does no damage.
You closely miss the orc warrior.
The orc warrior is lightly wounded.
The orc warrior hits you but does no damage.
You hit the orc warrior.
The orc warrior is moderately wounded.
You slash the orc warrior!
The orc warrior is heavily wounded.
The orc warrior hits you but does no damage.
You hit the orc warrior.
The orc warrior is severely wounded.
The orc warrior barely misses you.
You hit the orc warrior.
The orc warrior is almost dead.
The orc warrior hits you but does no damage.
You can now pass through a line of other dancers.
You hit the orc warrior but do no damage.
The orc warrior is almost dead.
You hit the orc warrior but do no damage.
The orc warrior is almost dead.
The orc warrior hits you with a +0 halberd!
You die...

############ #######
##.∩........## ##.....#
#......#.....######.......
#.....###....#...)#).##...
#∩...).8....)')...'o.8....
#....)###@).)#....#.)##...
#....).#o....######...)...
##.∩..)÷)...## ##.....#
############ #######


You could see an orc warrior.

Vanquished Creatures
  An orc knight (Bailey)
  3 water moccasins
  An ice beast (D:6)
  6 orc warriors
  2 necrophages
  Blork the orc (D:4)
  A kobold brigand (D:6)
  2 scorpions (D:4)
  A water moccasin zombie (D:3)
  A wyvern skeleton (D:3)
  A howler monkey (D:6)
  A bullfrog zombie (D:6)
  2 hounds (D:6)
  A jelly (D:5)
  4 orc priests
  A bullfrog skeleton (D:4)
  5 orc wizards
  2 iguanas
  2 killer bee zombies (D:6)
  A hound skeleton (D:4)
  A howler monkey zombie (D:5)
  4 gnolls
  8 adders
  A shadow imp (D:3)
  A white imp (D:6)
  2 adder skeletons (D:4)
  2 worms (D:2)
  2 dart slugs
  41 orcs
  8 ball pythons
  4 endoplasms (D:1)
  2 giant cockroaches
  13 goblins
  7 hobgoblins
  9 jackals
  2 quokkas (D:2)
  6 bats
  3 frilled lizards
  13 kobolds
  5 rats (D:2)
  A spectral orc (D:6)
174 creatures vanquished.

Notes
Turn   | Place    | Note
-------+----------+-------------------------------------------
     0 | D:1      | fragbeetle the Hill Orc Fighter began the quest for the
                  | Orb.
     0 | D:1      | Reached XP level 1. HP: 19/19 MP: 1/1
    19 | D:1      | Reached skill level 3 in Axes
   370 | D:1      | Reached XP level 2. HP: 23/26 MP: 2/2
   556 | D:1      | Reached skill level 4 in Axes
   559 | D:1      | Found a faded altar of an unknown god.
  1037 | D:2      | Reached XP level 3. HP: 31/31 MP: 3/3
  1286 | D:2      | Reached skill level 5 in Axes
  1436 | D:2      | Found an opulent altar of Gozag.
  1525 | D:2      | Reached XP level 4. HP: 39/39 MP: 4/4
  1936 | D:3      | Reached skill level 6 in Axes
  1936 | D:3      | Reached XP level 5. HP: 18/45 MP: 5/5
  2238 | D:3      | Reached skill level 7 in Axes
  2978 | D:4      | Found Xurukoj's Assorted Antiques.
  2985 | D:4      | Found an opulent altar of Gozag.
  2992 | D:4      | Reached skill level 8 in Axes
  2992 | D:4      | Reached XP level 6. HP: 33/51 MP: 6/6
  3279 | D:4      | Reached skill level 9 in Axes
  3554 | D:4      | Reached XP level 7. HP: 14/57 MP: 7/7
  3911 | D:4      | Reached skill level 10 in Axes
  4243 | D:4      | Noticed Blork the orc
  4265 | D:4      | Killed Blork the orc
  4286 | D:4      | Found a shimmering blue altar of Sif Muna.
  4509 | D:5      | Entered Level 5 of the Dungeon
  4708 | D:5      | Reached skill level 11 in Axes
  4714 | D:5      | HP: 2/57 [poisoned by a water moccasin]
  5365 | D:5      | Reached skill level 12 in Axes
  5365 | D:5      | Reached XP level 8. HP: 48/64 MP: 8/8
  5537 | D:5      | Found Sinwod's Assorted Antiques.
  5776 | D:5      | Found a staircase to the Ecumenical Temple.
  5887 | Temple   | Entered the Ecumenical Temple
  6116 | Temple   | Became a worshipper of Uskayaw the Reveller
  6218 | D:6      | Reached * piety under Uskayaw
  6222 | D:6      | Reached ** piety under Uskayaw
  6743 | D:6      | Found Xuno's Distillery.
  6805 | D:5      | Bought a pair of smoking gloves for 285 gold pieces
  6805 | D:5      | Identified the +4 pair of gloves of the Wilderness {Str+4
                  | Stlth+} (You bought it in a shop on level 5 of the Dungeon)
  6928 | D:6      | Reached skill level 13 in Axes
  6929 | D:6      | Reached *** piety under Uskayaw
  6932 | D:6      | Reached **** piety under Uskayaw
  6941 | D:6      | Reached ***** piety under Uskayaw
  6970 | D:6      | Found a runed translucent gate.
  6970 | D:6      | Found a runed translucent gate.
  6970 | D:6      | Found a runed translucent gate.
  6986 | D:6      | Noticed fragbeetle's ghost (novice DjFE)
  7032 | D:6      | Found Huna Jesh's Book Emporium.
  7598 | D:6      | Found Ecalan's Weapon Shop.
  7696 | D:6      | Found a basalt altar of Yredelemnul.
  7727 | D:6      | Reached skill level 14 in Axes
  7916 | D:6      | Reached XP level 9. HP: 65/70 MP: 9/9
  8194 | D:6      | Bought a potion of curing for 33 gold pieces
  8402 | D:7      | Found a flagged portal.
  8427 | D:7      | Reached skill level 15 in Axes
  8548 | Bailey   | Entered a bailey
  8794 | Bailey   | Noticed an orc knight
  8825 | Bailey   | HP: 1/70 [orc knight (26)]
  8833 | Bailey   | Killed an orc knight
  8834 | Bailey   | Reached skill level 16 in Axes
  8834 | Bailey   | Reached skill level 5 in Shields
  8958 | Bailey   | Slain by an orc warrior

Illustrated notes

Levels and vault maps discovered:
D:1:      nzn_arrival_depleted_hourglass, layout_basic,
          hellmonk_ecumenical_altar_pennies_from_heaven
D:2:      layout_basic, basic_altar
D:3:      layout_loops_ring, chequers_serial_rivers_room_a,
          minmay_misc_feat_doors
D:4:      layout_cave_pools, tgw_sif, nicolae_gozag_seed_capital, serial_shops,
          shop, solitary_fountain, minmay_increasing_density
D:5:      layout_cave_pools, temple_hall, serial_glass, glass_columns_a,
          glass_columns_b, serial_shops, nicolae_shop_overgrown_old_shop
D:6:      layout_cave_pods, yredelemnul_forgotten_temple_becter, serial_shops,
          nicolae_shop_waterfront, nicolae_shop_behind_doors,
          kennysheep_little_box, ebering_ghost_rock_garden, minmay_hedge_maze
D:7:      layout_loops_ring, enter_bailey_3
Temple:   mainiacjoe_temple_bowtie_tessellation
Bailey:   bailey_polearm_5, bailey

Skill      XL: |  1  2  3  4  5  6  7  8  9 |
---------------+----------------------------+-----
Axes           | 3 4 5 6 8 9 12 14 16 | 16.0
Shields        | 5 |  5.6
Fighting       | |  3.6
Armour         | |  3.2

Action                   |  1- 3 |  4- 6 |  7- 9 || total
-------------------------+-------+-------+-------++-------
Melee: War axe           |   100 |   129 |   303 ||   532
       Trident           |       |       |    10 ||    10
Throw: Dart              |       |       |     5 ||     5
  Use: Scroll            |       |       |     5 ||     5
       Potion            |       |       |     4 ||     4
 Stab: Paralysed         |       |       |     5 ||     5
Armor: Scale mail        |    58 |    47 |   133 ||   238
Dodge: Dodged            |    60 |    54 |   127 ||   241
Block: Buckler           |    19 |    21 |    55 ||    95
